 Dungeon Crawl Stone Soup version 0.17-a0-1450-g7e755d1 (webtiles) character file.

667836 Clogger the Executioner (level 27, 0/269 HPs)
             Began as a Demonspawn Berserker on June 29, 2015.
             Was the Champion of Trog.
             Slain by an azure jelly (2 damage)
             ... created by the royal jelly
             ... on level 6 of the Pits of Slime on June 30, 2015.
             The game lasted 04:53:42 (80137 turns).

Clogger the Executioner (Demonspawn Berserker)     Turns: 80137, Time: 04:53:43

Health: 0/269      AC: 28    Str: 25    XL:     27
Magic:  0/25       EV: 13    Int: 31    God:    Trog [******]
Gold:   8432       SH:  0    Dex: 19    Spells: 0 memorised, 28 levels left

rFire  + + .     SeeInvis .     V - +9 executioner's axe (elec)
rCold  + . .     Clarity  .     D - +0 gold dragon armour
rNeg   . . .     SustAt   .     (no shield)
rPois  +         Gourm    .     (helmet unavailable)
rElec  .         Spirit   +     p - +2 cloak {rPois}
rCorr  +         Warding  .     q - +2 pair of gloves {Dex+3}
rMut   .         Stasis   .     A - +2 pair of boots of Idealism {Int+12 Dex-2}
MR     +++..                    x - amulet of resist corrosion
Stlth  ..........               U - ring of protection from fire
                                k - ring "Egeakk" {MR+ AC+3}

@: mighty, agile, corroded equipment, very slightly contaminated, hasted, very
quick, extremely resistant to hostile enchantments, extremely unstealthy
A: hooves 1, horns 3, iridescent scales 3, poison resistance, powered by pain 3,
robust 1, augmentation 3, magic shield, magic regeneration, magic link
a: Burn Spellbooks, Berserk, Trog's Hand, Brothers in Arms, Renounce Religion
}: 4/15 runes: serpentine, barnacled, silver, abyssal


You were on level 6 of the Pits of Slime.
You worshipped Trog.
Trog was exalted by your worship.
You were hungry.

You visited 10 branches of the dungeon, and saw 56 of its levels.
You visited the Abyss 5 times.
You also visited: Labyrinth, Sewer and Wizlab.

You collected 8923 gold pieces.
You spent 378 gold pieces at shops.

Inventory:

Hand weapons
 P - a +4 antimagic executioner's axe
 V - a +9 executioner's axe of electrocution (weapon)
Armour
 p - a +2 cloak of poison resistance (worn)
 q - a +2 pair of gloves of dexterity (worn)
 A - the +2 pair of boots of Idealism (worn) {Int+12 Dex-2}
   (You acquired it on level 1 of the Abyss)

   It affects your intelligence (+12).
   It affects your dexterity (-2).
 D - a +0 gold dragon armour (worn)
Magical staves
 T - an uncursed staff of energy
Jewellery
 h - an uncursed amulet of clarity
 k - the ring "Egeakk" (left hand) {MR+ AC+3}
   (You found it in a labyrinth)

   [ring of protection]

   It affects your AC (+3).
   It affects your resistance to hostile enchantments.
 s - an uncursed amulet of stasis
 x - an amulet of resist corrosion (around neck)
 E - the amulet "Osiubboc" {rMut +Fly rElec}
   (You acquired it on level 5 of the Vaults)

   [amulet of resist mutation]

   It protects you from mutation.
   It insulates you from electricity.
   It lets you fly.
 U - a ring of protection from fire (right hand)
 Y - an uncursed ring of see invisible
Magical devices
 g - a wand of heal wounds (0)
 l - a wand of hasting (0)
 K - a wand of digging (10)
 X - a wand of digging (4)
Scrolls
 c - 5 scrolls of fog
 e - 39 scrolls of identify
 j - 7 scrolls of teleportation
 m - 15 scrolls of remove curse
 o - a scroll of silence
 w - 2 scrolls of magic mapping
 L - 5 scrolls of enchant weapon
 O - 4 scrolls of enchant armour
 W - 4 scrolls of summoning
 Z - 2 scrolls of fear
Potions
 b - 2 potions of magic
 d - 7 potions of curing
 f - 3 potions of might
 i - 3 potions of agility
 n - 7 potions of flight
 r - 5 potions of cancellation
 G - a potion of invisibility
Comestibles
 t - 20 beef jerkies
 u - 57 fruits
 v - 16 meat rations
 J - 11 slices of pizza
 S - 8 royal jellies


   Skills:
 - Level 26.0 Fighting
 - Level 26.1 Axes
 + Level 24.9 Armour
 - Level 1.7 Dodging
 - Level 1.3 Spellcasting


You had 28 spell levels left.
You didn't know any spells.

Dungeon Overview and Level Annotations

Branches:
Dungeon (15/15)            Temple (0/1) D:7            Lair (8/8) D:10
 Shoals (4/4) Lair:3        Snake (4/4) Lair:5        Slime (6/6) Lair:8
    Orc (4/4) D:12            Elf (3/3) Orc:3        Vaults (5/5) D:14
  Crypt (3/3) Vaults:2       Tomb (0/3) Crypt:3      Depths (4/5) D:15

Altars:
Elyvilon
Gozag
Kikubaaqudgha
Makhleb
Nemelex Xobeh
Qazlal
Sif Muna
Trog
Vehumet
Xom
The Shining One
Beogh
Jiyva
Lugonu

Shops:
D:13 %   Orc:3 !   Orc:4 *?%%   Elf:1 %   Shoals:1 :   Shoals:3 !
Vaults:1 ?!(%   Vaults:2 ?   Vaults:4 *   Vaults:5 *%!?   Depths:4 *

Portals:
Hell: Depths:1 Depths:2 Depths:3 Depths:4
Abyss: Depths:2 Depths:3 Depths:4
Pandemonium: Depths:1 Depths:3

Annotations:
Lair:2 exclusion: oklob plant
Lair:5 exclusion: oklob plant
Vaults:2 Mennas
Crypt:1 Khufu


Innate Abilities, Weirdness & Mutations

You have a pair of large horns on your head.
You are completely covered in iridescent scales (AC +8).
You are powered by pain.
Your magical and physical power is greatly enhanced at high health.
When hurt, damage is shared between your health and your magic reserves.
You regenerate magic rapidly.
When low on magic, you restore magic in place of health.
You have large cloven feet.
Your system is resistant to poisons.
You are robust (+10% HP).


Message History

You slash the acid blob!
You kill the acid blob!
That felt strangely unrewarding.
You hit the azure jelly.
The azure jelly is lightly wounded.
You slice the death ooze!!
There is a sudden explosion of sparks!
You destroy the death ooze!
That felt strangely unrewarding.
You slash the great orb of eyes!
The great orb of eyes is moderately wounded.
The acid blob spits acid at you. The splash of acid hits you! You resist.
* * * LOW HITPOINT WARNING * * *
The acid burns!
You resist.
* * * LOW HITPOINT WARNING * * *
The acid blob spits acid at you. The splash of acid hits you! You resist.
* * * LOW HITPOINT WARNING * * *
The acid burns!
You resist.
* * * LOW HITPOINT WARNING * * *
The azure jelly hits you.
You die...

,,,,,,,,,,...............,,,,,,,,
,,,,,,,,,................,,,,,,,,
,,,,,,,,,................,,,,,,,,
*,,,,,,,,................,,,,,,,,
*,,,,,,,,................,,,,,,,,
,,,,,,,,,................,,,,,,,,
,,,,,,,,,.......J...........,,,,,
,,,,,,,,,......G.JJ.........,,,,,
,,,,,,,,,......J@......J....,,,,,
,,,,,,,,,..............J....,,,,,
,,,,,,,,,...................,,,,,
,,,,,,,,,...................,,,,,
*,,,,,,,,...................,,,,,
**,,,,,,,...................,,,,,
**,,,,,,...................,,,,*
**,,,**........<..........,,,**
*,,****................##****


You could see 2 acid blobs, 2 azure jellies, a great orb of eyes and 2 slime
creatures.

Vanquished Creatures
  the royal jelly (Slime:6)
  Dissolution (Slime:3)
  Mara (Depths:2)
  An ancient lich (Vaults:5)
  2 greater mummies
  Margery (Depths:3)
  Norris (Vaults:1)
  Saint Roka (Depths:1)
  Vashnia (Snake:2)
  6 caustic shrikes
  4 golden dragons
  Nikola (Vaults:1)
  Jory (Crypt:3)
  the Enchantress (Depths:2)
  A profane servitor (Abyss:3)
  10 bone dragons
  The ghost of lennard the Acrobat, a great OpWn of Ashenzari (Crypt:3)
  A shard shrike zombie (Crypt:1)
  5 liches
  3 tentacled monstrosities
  Rupert (D:12)
  A Hell Sentinel (Abyss:1)
  Asterion (Depths:2)
  3 titans
  3 deep elf blademasters
  2 deep elf master archers (Elf:3)
  The ghost of lauthentik the Pulveriser, a mighty MiGl of Ashenzari (Elf:2)
  12 acid blobs
  A quicksilver dragon (Abyss:1)
  21 tentacled starspawn
  6 sphinxes
  5 shadow dragons
  2 krakens
  2 ancient champions
  An octopode crusher (Depths:4)
  4 tengu reavers
  11 fire giants
  7 storm dragons
  6 azure jellies
  A draconian monk (Abyss:1)
  Ilsuiw (Shoals:4)
  4 revenants
  Wiglaf (Vaults:1)
  13 greater nagas
  8 frost giants
  10 deep elf sorcerers
  A draconian scorcher (Abyss:1)
  Aizul (Snake:1)
  Louise (Snake:2)
  14 vault wardens
  A cacodemon (Abyss:3)
  3 curse skulls
  4 balrugs
  4 ghouls (Crypt:1)
  17 ironheart preservers
  3 spriggan defenders (Depths:2)
  2 angels
  6 war gargoyles
  An ophan (Abyss:3)
  25 stone giants
  26 very ugly things
  A green draconian (Abyss:1)
  9 deep elf demonologists
  2 lorocyprocas (Abyss:1)
  8 vampire knights
  9 deep elf annihilators
  A dire elephant (Lair:8)
  A black draconian (Abyss:1)
  A salamander stormcaller (Abyss:1)
  A mottled draconian (Abyss:3)
  A yellow draconian (Depths:4)
  2 green deaths (Abyss:1)
  A minotaur (Lab)
  3 blizzard demons
  2 deep elf death magi (Elf:3)
  5 merfolk javelineers
  7 death oozes
  An ettin (shapeshifter) (Vaults:5)
  4 mummy priests
  11 great orbs of eyes
  32 vault guards
  4 eidola
  A crystal guardian (Vaults:4)
  14 ettins
  4 jiangshi
  7 merfolk impalers
  Josephine (D:12)
  8 fire dragons
  21 yaktaur captains
  7 deep elf high priests
  Fannar (Lair:1)
  4 ice dragons
  An ice dragon (shapeshifter) (Vaults:1)
  7 entropy weavers
  19 naga warriors
  15 centaur warriors
  Erolcha (D:11)
  14 anacondas
  6 hydras
  12 rakshasas
  7 deep troll shamans
  9 merfolk aquamancers
  5 spriggan air magi
  A death knight (Crypt:2)
  A merfolk avatar (Shoals:4)
  4 deep troll earth magi
  2 alligator snapping turtles (Shoals:4)
  3 catoblepae
  15 dancing weapons
  16 ogre magi
  3 tengu warriors
  8 vampire magi
  13 shock serpents
  18 thrashing horrors
  8 death yaks
  4 spriggan berserkers (Depths:4)
  2 iron trolls (Depths:4)
  4 sun demons
  16 naga sharpshooters
  3 orc high priests
  5 satyrs
  A hell hog (Abyss:3)
  A storm dragon zombie (Depths:2)
  29 deep elf knights
  23 wretched stars
  12 hell knights
  9 shadow wraiths
  2 spatial maelstroms
  5 skeletal warriors
  8 unseen horrors
  A golden dragon zombie (Depths:2)
  A fire crab (shapeshifter) (D:15)
  9 flayed ghosts
  4 giant orange brains
  3 deep elf summoners
  13 deep trolls
  An ice devil (Abyss:3)
  8 salamander mystics
  7 wizards
  21 sea snakes
  2 storm dragon skeletons
  A sea snake (shapeshifter) (Vaults:5)
  2 fire crabs (Vaults:2)
  A swamp dragon (shapeshifter) (Vaults:5)
  A ghost moth zombie (Crypt:2)
  3 death drakes
  A shadow demon (Abyss:3)
  A shadow dragon zombie (Crypt:1)
  86 starcursed masses
  An anaconda zombie (Crypt:1)
  8 naga ritualists
  A death drake (shapeshifter) (Depths:2)
  An anubis guard (shapeshifter) (Vaults:5)
  Pikel (D:7)
  An anaconda skeleton (Crypt:3)
  11 ironbrand convokers
  13 orc sorcerers
  53 ugly things
  3 hornets
  18 harpies
  7 necromancers
  10 mana vipers
  A shining eye (shapeshifter) (Vaults:5)
  An iron dragon zombie (Crypt:1)
  13 deep elf conjurers
  9 water nymphs
  A fire giant zombie (Abyss:1)
  A human zombie (Vaults:4)
  7 sixfirhies
  10 hill giants
  16 fauns
  A shadow dragon skeleton (Crypt:3)
  19 phantasmal warriors
  4 wolf spiders
  3 stone giant zombies (WizLab)
  24 orc knights
  10 worldbinders
  14 salamanders
  10 manticores
  14 griffons
  10 elephants (Lair:8)
  A black mamba (shapeshifter) (Vaults:5)
  An iron dragon skeleton (Crypt:1)
  A demonspawn zombie (WizLab)
  8 fire giant skeletons (Crypt:3)
  13 cyclopes
  A dire elephant zombie (Abyss:1)
  3 rust devils
  Maurice (D:8)
  36 black mambas
  7 orange demons
  A frost giant skeleton (Depths:2)
  10 guardian serpents
  2 stone giant skeletons
  12 smoke demons
  6 sirens
  3 shining eyes
  A dire elephant skeleton (Crypt:3)
  6 efreet
  An apocalypse crab (Abyss:1)
  2 eyes of devastation
  A torpor snail (Lair:6)
  A guardian serpent (shapeshifter) (Elf:1)
  12 spiny frogs
  11 vault sentinels
  4 gargoyles (Crypt:3)
  65 yaktaurs
  16 naga magi
  2 demonic crawlers (Abyss:1)
  2 hellions (Abyss:1)
  A fire drake (Lair:7)
  A green draconian skeleton (Crypt:2)
  A hydra zombie (Crypt:1)
  A white draconian skeleton (Crypt:2)
  3 blue devils
  10 freezing wraiths
  9 komodo dragons
  A tengu conjurer (Depths:4)
  A tormentor (Abyss:3)
  3 human skeletons (Vaults:4)
  6 kobold demonologists
  A minotaur zombie (Lab)
  2 hellwings (Abyss:1)
  A jumping spider (Depths:4)
  4 guardian mummies
  A red devil (Abyss:3)
  5 catoblepas skeletons (Abyss:3)
  14 deep elf priests
  20 ancient zymes
  21 two-headed ogres
  3 polar bears (Lair:8)
  A troll (shapeshifter) (Vaults:2)
  25 merfolk
  A two-headed ogre (shapeshifter) (Vaults:2)
  2 jumping spiders (shapeshifter)
  6 trolls
  2 slime creatures (shapeshifter)
  22 blink frogs
  12 boulder beetles
  28 raiju
  A satyr zombie (Crypt:1)
  A stone giant simulacrum (Abyss:1)
  67 slime creatures
  2 ettin zombies
  An ushabti (Crypt:3)
  2 wind drakes (shapeshifter)
  9 snapping turtles
  3 tarantellas (shapeshifter)
  2 elf zombies (WizLab)
  4 fire dragon zombies
  26 deep elf magi
  A redback (shapeshifter) (Vaults:5)
  An ice dragon skeleton (Crypt:3)
  4 spriggans (Depths:2)
  7 shadows
  A flying skull (Abyss:3)
  9 fire dragon skeletons
  An alligator skeleton (Crypt:1)
  An ettin skeleton (Crypt:3)
  16 redbacks
  4 air elementals (Depths:4)
  4 wyverns
  15 water elementals
  2 fire bats (Abyss:1)
  6 tarantellas
  17 wraiths
  8 basilisks
  15 neqoxecs
  19 ynoxinuls
  A wind drake zombie (Crypt:1)
  36 deep elf fighters
  8 golden eyes
  5 vampires
  5 wargs
  37 yaks
  A yaktaur simulacrum (Vaults:1)
  A black mamba skeleton (Crypt:2)
  4 fire elementals
  A human (shapeshifter) (Elf:3)
  21 vampire mosquitoes
  3 mottled dragons
  11 hippogriffs
  5 hungry ghosts
  6 spatial vortices
  12 chaos spawn
  2 monstrous demonspawn zombies (WizLab)
  60 nagas
  A steam dragon (D:11)
  A putrid demonspawn zombie (Crypt:1)
  A deep troll zombie (Crypt:2)
  10 wolves
  5 insubstantial wisps (Abyss:3)
  16 water moccasins
  A torturous demonspawn zombie (Crypt:1)
  2 soldier ants (shapeshifter)
  Duvessa (D:5)
  46 orc warriors
  A slave (D:7)
  2 black bears
  9 porcupines
  2 ettin simulacra
  6 eyes of draining
  2 hell hounds (Abyss:3)
  A spider (shapeshifter) (Abyss:1)
  A wasp (D:14)
  An eye of draining (shapeshifter) (Depths:1)
  A black bear (shapeshifter) (Vaults:4)
  3 ice beasts
  A snapping turtle zombie (Crypt:1)
  56 large abominations
  42 ogres
  3 phantoms
  A boggart (Depths:3)
  12 crocodiles
  56 small abominations
  6 sky beasts
  A centaur (shapeshifter) (Vaults:1)
  8 centaurs
  4 brain worms (Abyss:1)
  A swamp dragon skeleton (Crypt:3)
  21 giant frogs
  Blork the orc (D:5)
  10 big kobolds
  A spiny frog simulacrum (Crypt:1)
  A brain worm (shapeshifter) (Abyss:1)
  Dowan (D:5)
  2 earth elementals (Abyss:3)
  A water moccasin skeleton (Crypt:2)
  A water moccasin zombie (Crypt:2)
  2 scorpions
  2 spriggan zombies
  A manticore simulacrum (Abyss:1)
  6 killer bees (D:12)
  4 electric eels
  14 wights
  8 crimson imps
  2 centaur zombies
  18 jellies
  A gnoll shaman (D:6)
  8 iron imps
  6 giant frog zombies
  8 hounds
  8 quasits
  30 orc priests
  Ijyb (D:3)
  3 centaur skeletons
  2 giant frog skeletons
  Jessica (D:3)
  8 iguanas
  43 orc wizards
  9 worker ants
  17 sheep
  A deep dwarf zombie (Crypt:1)
  A hound skeleton (D:8)
  2 hound zombies (D:10)
  9 mummies
  2 worker ant zombies
  10 adders
  9 gnolls
  98 river rats
  4 shadow imps
  8 ufetubi (Abyss:1)
  3 white imps
  An ooze (D:5)
  3 adder skeletons
  An iguana skeleton (Crypt:1)
  A sheep skeleton (Crypt:2)
  7 worms
  217 orcs
  10 bats
  A bat skeleton (D:6)
  7 giant cockroaches
  25 goblins
  23 hobgoblins
  8 jackals
  37 kobolds
  5 quokkas
  2 ball pythons
  A ball python zombie (Crypt:2)
  6 giant geckos
  2 giant gecko zombies
  7 giant newts
  A jackal zombie (D:7)
  A kobold skeleton (Abyss:1)
  An orc zombie (Abyss:1)
  17 rats
  5 crawling corpses
  8 fungi
  A lurking horror (Abyss:1)
  12 plants
  A spectral weapon (Depths:2)
  17 starspawn tentacles
  7 tentacles
3262 creatures vanquished.

Vanquished Creatures (collateral kills)
  A deep elf sorcerer (Elf:3)
  A vault guard (Vaults:4)
  An anaconda (Snake:3)
  3 death yaks (Lair:8)
  4 naga sharpshooters
  An orc high priest (Orc:4)
  A naga ritualist (Snake:3)
  An orc knight (Orc:4)
  A mana viper (Snake:3)
  2 black mambas (Snake:3)
  2 vault sentinels (Vaults:4)
  A naga (Snake:3)
  A river rat (Lair:7)
20 creatures vanquished.

Vanquished Creatures (others)
  2 deep elf knights
  An unseen horror (Abyss:3)
  A necromancer (Depths:2)
  An ugly thing (Depths:2)
  A deep elf priest (Elf:3)
  A vampire (Depths:4)
  A vampire mosquito (Vaults:2)
  2 orc warriors
  A big kobold (Vaults:5)
  A small abomination (Abyss:3)
  An iron imp (Abyss:3)
  3 orc wizards
  A wandering mushroom (D:9)
  3 fungi
  8 lost souls
  A lurking horror (Abyss:3)
  14 plants
  21 starspawn tentacles
  76 starspawn tentacle segments
  16 tentacles
  350 tentacle segments
506 creatures vanquished.

Grand Total: 3788 creatures vanquished

Notes
Turn   | Place    | Note
--------------------------------------------------------------
     0 | D:1      | Clogger the Demonspawn Berserker began the quest for the Orb.
     0 | D:1      | Reached XP level 1. HP: 18/18 MP: 1/1
   181 | D:1      | Gained mutation: You have a pair of small horns on your head. [demonic ancestry]
   181 | D:1      | Reached XP level 2. HP: 24/24 MP: 2/2
   527 | D:2      | Found a sparkling altar of Nemelex Xobeh.
   533 | D:2      | Acquired Trog's second power
   562 | D:2      | Reached XP level 3. HP: 25/29 MP: 3/3
   670 | D:2      | Found a stormy altar of Qazlal.
   685 | D:2      | Reached skill level 4 in Axes
  1076 | D:3      | Noticed Jessica
  1082 | D:3      | Killed Jessica
  1082 | D:3      | Gained mutation: You sometimes gain a little power by taking damage. [demonic ancestry]
  1082 | D:3      | Reached XP level 4. HP: 24/35 MP: 4/4
  1142 | D:3      | Found a radiant altar of Vehumet.
  1487 | D:3      | Noticed Ijyb
  1500 | D:3      | Killed Ijyb
  1500 | D:3      | Reached skill level 5 in Axes
  1541 | D:3      | Gained mutation: You are partially covered in iridescent scales (AC +4). [demonic ancestry]
  1541 | D:3      | Reached XP level 5. HP: 23/41 MP: 5/5
  1553 | D:3      | Found a glowing drain.
  1566 | Sewer    | Entered a sewer
  1674 | Sewer    | Found a white marble altar of Elyvilon.
  1808 | D:3      | Reached skill level 6 in Axes
  1839 | D:3      | Noticed an ogre
  1849 | D:3      | Killed an ogre
  1849 | D:3      | Reached XP level 6. HP: 47/47 MP: 6/6
  2527 | D:4      | Reached skill level 7 in Axes
  2813 | D:4      | Gained mutation: You have a pair of horns on your head. [demonic ancestry]
  2813 | D:4      | Reached XP level 7. HP: 52/52 MP: 7/7
  3425 | D:5      | Entered Level 5 of the Dungeon
  3524 | D:5      | Acquired Trog's third power
  3528 | D:5      | Noticed Blork the orc
  3537 | D:5      | Killed Blork the orc
  3537 | D:5      | Reached skill level 8 in Axes
  4019 | D:5      | Reached skill level 9 in Axes
  4019 | D:5      | Reached XP level 8. HP: 58/58 MP: 8/8
  4023 | D:5      | Noticed Dowan
  4025 | D:5      | Noticed Duvessa
  4035 | D:5      | Received a gift from Trog
  4035 | D:5      | Killed Duvessa
  4050 | D:5      | Killed Dowan
  4228 | D:6      | Gained mutation: Your magical capacity is low (-10% MP). [potion of mutation]
  4228 | D:6      | Gained mutation: Your spells are a little harder to cast, but a little more powerful. [potion of mutation]
  4228 | D:6      | Gained mutation: You have very sharp teeth. [potion of mutation]
  4232 | D:6      | Lost mutation: Your magical capacity is low (-10% MP). [potion of cure mutation]
  4232 | D:6      | Lost mutation: Your spells are a little harder to cast, but a little more powerful. [potion of cure mutation]
  4310 | D:6      | Reached skill level 10 in Axes
  5230 | D:6      | Reached skill level 11 in Axes
  5373 | D:6      | Reached XP level 9. HP: 59/63 MP: 9/9
  5638 | D:6      | Found a shimmering altar of Xom.
  5817 | D:7      | Received a gift from Trog
  5883 | D:7      | Found a staircase to the Ecumenical Temple.
  6001 | D:7      | Noticed Pikel
  6010 | D:7      | Killed Pikel
  6258 | D:7      | Reached skill level 5 in Fighting
  6321 | D:7      | Found a deep blue altar of Sif Muna.
  6321 | D:7      | Found a white marble altar of Elyvilon.
  6380 | D:7      | Found an opulent altar of Gozag.
  6841 | D:8      | Noticed Maurice
  6871 | D:8      | Upgraded the game from 0.17-a0-1447-g3d113ad to 0.17-a0-1450-g7e755d1
  6934 | D:8      | Found a bloodstained altar of Trog.
  6945 | D:8      | Got a warped dagger
  6946 | D:8      | Identified the +7 dagger of Suurgh {freeze, *Confuse rF++} (You found it on level 8 of the Dungeon)
  7612 | D:8      | Gained mutation: You have a pair of large horns on your head. [demonic ancestry]
  7612 | D:8      | Reached XP level 10. HP: 75/75 MP: 10/10
  8030 | D:8      | Killed Maurice
  8030 | D:8      | Reached skill level 5 in Armour
  8283 | D:9      | Reached skill level 12 in Axes
  8595 | D:9      | Found a staircase to the Lair.
  8891 | D:9      | Noticed a hill giant
  8896 | D:9      | Killed a hill giant
  9653 | D:10     | Entered Level 10 of the Dungeon
  9793 | D:10     | Found a staircase to the Orcish Mines.
  9857 | D:10     | Noticed a hill giant
  9868 | D:10     | Killed a hill giant
  9999 | D:10     | Found a staircase to the Lair.
 10098 | D:10     | Gained mutation: When hurt, damage is shared between your health and your magic reserves. [demonic ancestry]
 10098 | D:10     | Reached XP level 11. HP: 85/85 MP: 11/11
 10452 | Lair:1   | Entered Level 1 of the Lair of Beasts
 10452 | Lair:1   | Noticed Fannar
 10748 | Lair:1   | Killed Fannar
 11757 | Lair:1   | Reached skill level 13 in Axes
 12099 | Lair:2   | Received a gift from Trog
 13186 | Lair:3   | Found a staircase to the Shoals.
 13934 | Lair:3   | Gained mutation: You sometimes gain power by taking damage. [demonic ancestry]
 13934 | Lair:3   | Reached XP level 12. HP: 88/97 MP: 9/12
 14334 | Lair:4   | Noticed a five-headed hydra
 14342 | Lair:4   | Killed a one-headed hydra
 14342 | Lair:4   | Reached skill level 10 in Fighting
 14671 | Lair:5   | Found a staircase to the Snake Pit.
 15780 | Lair:6   | Received a gift from Trog
 16634 | Lair:7   | Noticed an eight-headed hydra
 16644 | Lair:7   | Killed a two-headed hydra
 16644 | Lair:7   | Reached skill level 14 in Axes
 16710 | Lair:7   | Reached skill level 10 in Armour
 16792 | Lair:7   | Noticed an eight-headed hydra
 16802 | Lair:7   | Killed a two-headed hydra
 17077 | Lair:7   | Gained mutation: You are mostly covered in iridescent scales (AC +6). [demonic ancestry]
 17077 | Lair:7   | Reached XP level 13. HP: 106/106 MP: 13/13
 17108 | Lair:7   | Reached skill level 15 in Axes
 17634 | Lair:8   | Entered Level 8 of the Lair of Beasts
 17856 | Lair:8   | Found a viscous altar of Jiyva.
 17861 | Lair:8   | Found a staircase to the Slime Pits.
 17920 | Lair:8   | Received a gift from Trog
 18073 | Lair:8   | Reached skill level 16 in Axes
 18473 | Lair:8   | Noticed a dire elephant
 18484 | Lair:8   | Killed a dire elephant
 18837 | Lair:8   | Reached skill level 17 in Axes
 19224 | Lair:7   | Received a gift from Trog
 19661 | D:11     | Reached XP level 14. HP: 113/113 MP: 14/14
 19793 | D:11     | Identified 2 scrolls of acquirement
 19796 | D:11     | Got a fine buckler
 19802 | D:11     | Identified the -2 buckler of Gluttony {rCorr Str+3} (You acquired it on level 11 of the Dungeon)
 19982 | D:11     | Noticed Erolcha
 19992 | D:11     | Killed Erolcha
 20252 | D:12     | Found a staircase to the Orcish Mines.
 20265 | D:12     | Found a roughly hewn altar of Beogh.
 20409 | D:12     | Noticed Josephine
 20428 | D:12     | Killed Josephine
 20428 | D:12     | Reached skill level 1 in Spellcasting
 20571 | D:12     | Noticed Rupert
 20587 | D:12     | Killed Rupert
 20684 | D:12     | Received a gift from Trog
 20730 | D:12     | Gained mutation: Your system is resistant to poisons. [potion of beneficial mutation]
 21189 | D:12     | Reached skill level 18 in Axes
 21627 | Orc:1    | Entered Level 1 of the Orcish Mines
 21690 | Orc:1    | Found a burning altar of Makhleb.
 22225 | Orc:3    | Found a staircase to the Elven Halls.
 22225 | Orc:3    | Found Mevyreka's Distillery.
 22240 | Orc:3    | Received a gift from Trog
 22386 | Orc:4    | Entered Level 4 of the Orcish Mines
 22789 | Orc:4    | Found a roughly hewn altar of Beogh.
 22888 | Orc:4    | Found Xeshuac's Food Shop.
 23214 | Orc:4    | Found Jugg's Magic Scroll Shoppe.
 23247 | Orc:4    | Found Saqod's General Store.
 23249 | Orc:4    | Found Ybeywu's Food Shop.
 23822 | Orc:3    | Received a gift from Trog
 24197 | Orc:1    | Reached skill level 19 in Axes
 24420 | D:13     | Found Angiem's Food Shop.
 24801 | D:13     | Received a gift from Trog
 24801 | D:13     | Reached XP level 15. HP: 107/118 MP: 14/17
 25224 | D:14     | Found a labyrinth entrance.
 25243 | Lab      | Entered a labyrinth
 25411 | Lab      | Got a transparent cloak
 25423 | Lab      | Identified the +1 cloak of Parts Unknown {Dex+8} (You found it in a labyrinth)
 25429 | Lab      | Got a shimmering turquoise ring
 25431 | Lab      | Identified the ring "Egeakk" {MR+ AC+3} (You found it in a labyrinth)
 25485 | D:14     | Found a gate to the Vaults.
 26154 | D:15     | Entered Level 15 of the Dungeon
 26240 | D:15     | Found a staircase to the Depths.
 26262 | D:15     | Reached skill level 20 in Axes
 26503 | D:15     | Received a gift from Trog
 26863 | D:15     | Found a sparkling altar of Nemelex Xobeh.
 27408 | Snake:1  | Entered Level 1 of the Snake Pit
 27922 | Snake:1  | Noticed Aizul
 27931 | Snake:1  | Killed Aizul
 29349 | Snake:2  | Noticed Vashnia
 29353 | Snake:2  | Noticed Louise
 29383 | Snake:2  | Killed Louise
 29400 | Snake:2  | Killed Vashnia
 29400 | Snake:2  | Reached skill level 21 in Axes
 29822 | Snake:2  | Reached XP level 16. HP: 44/125 MP: 18/18
 31315 | Snake:3  | Received a gift from Trog
 32182 | Snake:3  | Reached skill level 22 in Axes
 33604 | Snake:4  | Entered Level 4 of the Snake Pit
 34564 | Snake:4  | Received a gift from Trog
 35022 | Snake:4  | Gained mutation: Your magical and physical power is slightly enhanced at high health. [demonic ancestry]
 35022 | Snake:4  | Reached XP level 17. HP: 111/131 MP: 15/19
 35295 | Snake:4  | Reached skill level 23 in Axes
 35699 | Snake:4  | Received a gift from Trog
 36901 | Snake:4  | Received a gift from Trog
 37766 | Snake:4  | Reached skill level 24 in Axes
 37781 | Snake:4  | Got a serpentine rune of Zot
 38791 | Shoals:1 | Entered Level 1 of the Shoals
 39409 | Shoals:1 | Found Kemefitt's Book Boutique.
 39586 | Shoals:2 | Gained mutation: You have large cloven feet. [potion of beneficial mutation]
 39614 | Shoals:2 | Gained mutation: Your magical and physical power is enhanced at high health. [demonic ancestry]
 39614 | Shoals:2 | Reached XP level 18. HP: 81/138 MP: 13/20
 40098 | Shoals:3 | Found Waryqedu's Distillery.
 40109 | Shoals:2 | Received a gift from Trog
 41918 | Shoals:4 | Entered Level 4 of the Shoals
 42003 | Shoals:4 | Received a gift from Trog
 42098 | Shoals:4 | Reached skill level 25 in Axes
 42468 | Shoals:4 | Noticed Ilsuiw
 42717 | Shoals:4 | Killed Ilsuiw
 42846 | Shoals:4 | Got a faintly glowing pewter ring
 42849 | Shoals:4 | Identified the cursed ring of the Lonely Lies {rElec rPois rF- rC+ Str-3} (You found it on level 4 of the Shoals)
 44066 | Shoals:4 | Received a gift from Trog
 44218 | Shoals:4 | Got a barnacled rune of Zot
 45353 | Vaults:1 | Entered Level 1 of the Vaults
 45353 | Vaults:1 | Found Peraulam's Magic Scroll Shop.
 45385 | Vaults:1 | Noticed Wiglaf
 45402 | Vaults:1 | Killed Wiglaf
 45471 | Vaults:1 | Found Emuriup's Distillery.
 45495 | Vaults:1 | Found Wodghy Xitad's Antique Weapon Emporium.
 45522 | Vaults:1 | Noticed Nikola
 45542 | Vaults:1 | Killed Nikola
 45542 | Vaults:1 | Reached XP level 19. HP: 124/143 MP: 18/21
 45609 | Vaults:1 | Noticed Norris
 45800 | Vaults:1 | Killed Norris
 45800 | Vaults:1 | Reached skill level 26 in Axes
 46310 | Vaults:1 | Found Loriz's Food Shoppe.
 46315 | Vaults:1 | Got a topaz-encrusted scale mail
 46316 | Vaults:1 | Identified the +1 scale mail of Hide-and-Seek {rF+ SInv} (You found it on level 1 of the Vaults)
 47081 | Vaults:2 | Found Ycoxku's Magic Scroll Boutique.
 47091 | Vaults:2 | Bought a scroll of recharging for 133 gold pieces
 47091 | Vaults:2 | Bought a scroll of recharging for 133 gold pieces
 47141 | Vaults:2 | Received a gift from Trog
 47476 | Vaults:2 | Found a staircase to the Crypt.
 48224 | Vaults:2 | Received a gift from Trog
 48912 | Vaults:2 | Gained mutation: You regenerate magic rapidly. [demonic ancestry]
 48912 | Vaults:2 | Reached XP level 20. HP: 156/156 MP: 22/22
 48917 | Vaults:2 | Received a gift from Trog
 48995 | Vaults:2 | Noticed Mennas
 50476 | Vaults:3 | Received a gift from Trog
 51686 | Vaults:4 | Received a gift from Trog
 51745 | Vaults:4 | Found Qoiset's General Store.
 51749 | Vaults:4 | Bought a scroll of blinking for 112 gold pieces
 52042 | Vaults:4 | HP: 5/161 [yaktaur/bolt[a vault warden] (7)]
 52066 | Vaults:4 | Reached skill level 15 in Fighting
 52420 | Vaults:4 | Cast into the Abyss (orc warrior)
 52421 | Abyss:1  | Found a corrupted altar of Lugonu.
 52457 | Abyss:1  | Found a corrupted altar of Lugonu.
 52481 | Abyss:1  | Got a pair of heavily runed boots
 52492 | Abyss:1  | Identified the +2 pair of boots of Idealism {Int+12 Dex-2} (You acquired it on level 1 of the Abyss)
 52900 | Abyss:1  | Found a corrupted altar of Lugonu.
 53232 | Abyss:1  | Received a gift from Trog
 53317 | Abyss:1  | Found a blossoming altar of Fedhas.
 53356 | Abyss:1  | Found a blossoming altar of Fedhas.
 53403 | Abyss:1  | Found a blossoming altar of Fedhas.
 53530 | Abyss:1  | Gained mutation: Your magical and physical power is greatly enhanced at high health. [demonic ancestry]
 53530 | Abyss:1  | Reached XP level 21. HP: 59/152 MP: 13/18
 54046 | Abyss:1  | Got a crude plate armour
 54057 | Abyss:1  | Identified the +0 plate armour "Hevurex" {+Fly Regen+ Dex+2} (You acquired it on level 1 of the Abyss)
 54596 | Abyss:1  | Found a corrupted altar of Lugonu.
 54734 | Abyss:1  | Reached skill level 15 in Armour
 54876 | Vaults:4 | Escaped the Abyss
 55601 | Vaults:4 | Found a glowing golden altar of the Shining One.
 56101 | Crypt:1  | Entered Level 1 of the Crypt
 56132 | Crypt:1  | Noticed a greater mummy
 56139 | Crypt:1  | Received a gift from Trog
 56149 | Crypt:1  | Noticed Khufu
 56150 | Crypt:1  | Killed a greater mummy
 56556 | Crypt:1  | Found an ancient bone altar of Kikubaaqudgha.
 57338 | Crypt:3  | Entered Level 3 of the Crypt
 57560 | Crypt:3  | Gained mutation: You are powered by pain. [demonic ancestry]
 57560 | Crypt:3  | Reached XP level 22. HP: 159/182 MP: 24/24
 57612 | Crypt:3  | Noticed lennard's ghost (great OpWn)
 57650 | Crypt:3  | Killed lennard's ghost
 57783 | Crypt:3  | Noticed Jory
 57797 | Crypt:3  | Killed Jory
 58143 | Crypt:3  | Got an ichor-stained chain mail
 58371 | Crypt:3  | Found a staircase to the Tomb.
 58508 | Crypt:3  | Found an ancient bone altar of Kikubaaqudgha.
 58551 | Crypt:3  | Identified the Volume of Lightness
 59087 | Crypt:3  | Identified the +6 chain mail of Chill Winds {rElec} (You found it on level 3 of the Crypt)
 59380 | Elf:1    | Entered Level 1 of the Elven Halls
 59428 | Elf:1    | Found Waeroop's Food Boutique.
 59437 | Elf:1    | Found a magical portal.
 59454 | WizLab   | Entered Doroklohe's Tomb
 59712 | WizLab   | Noticed a greater mummy
 59734 | WizLab   | Killed a greater mummy
 60659 | Elf:2    | Found a runed gate.
 60659 | Elf:2    | Found a runed gate.
 60663 | Elf:2    | Found a runed gate.
 60838 | Elf:2    | Noticed lauthentik's ghost (mighty MiGl)
 60849 | Elf:2    | Killed lauthentik's ghost
 61101 | Elf:2    | Received a gift from Trog
 61540 | Elf:3    | Entered Level 3 of the Elven Halls
 62062 | Elf:3    | Received a gift from Trog
 62064 | Elf:3    | Reached XP level 23. HP: 79/194 MP: 12/25
 62379 | Elf:3    | Cast into the Abyss (a deep elf demonologist)
 63276 | Abyss:1  | Gained mutation: You are robust (+10% HP). [a neqoxec]
 63390 | Elf:3    | Escaped the Abyss
 63546 | Elf:3    | Received a gift from Trog
 63566 | Elf:3    | Got an ichor-stained broad axe {god gift}
 63733 | Elf:3    | Identified Sif Muna's Handbook of Envenoming
 63825 | Elf:3    | Identified the Reference Book on Frigorific Malediction
 64171 | Depths:1 | Entered Level 1 of the Depths
 64213 | Depths:1 | Found a one-way gate leading to the halls of Pandemonium.
 64312 | Depths:1 | Found a gateway to Hell.
 64742 | Depths:1 | Noticed Saint Roka
 64768 | Depths:1 | Killed Saint Roka
 65462 | Depths:2 | Found a corrupted altar of Lugonu.
 65518 | Depths:2 | Received a gift from Trog
 65542 | Depths:2 | Identified the +7 broad axe "Veomap" {chop, rC+} (Trog gifted it to you on level 3 of the Elven Halls)
 65595 | Depths:2 | Noticed the Enchantress
 65605 | Depths:2 | Cast into the Abyss (the Enchantress)
 65870 | Abyss:1  | Reached XP level 24. HP: 70/226 MP: 22/25
 66444 | Depths:2 | Escaped the Abyss
 66665 | Depths:2 | Paralysed by a vampire knight for 4 turns
 66672 | Depths:2 | Received a gift from Trog
 66888 | Depths:2 | Found a runed gate.
 66888 | Depths:2 | Found a runed gate.
 66888 | Depths:2 | Found a runed gate.
 66893 | Depths:2 | Paralysed by something for 5 turns
 67093 | Depths:2 | Found a runed gate.
 67093 | Depths:2 | Found a runed gate.
 67093 | Depths:2 | Found a runed gate.
 67441 | Depths:2 | Noticed Mara
 67446 | Depths:2 | Noticed Clogger's illusion
 67458 | Depths:2 | Killed Clogger's illusion
 67461 | Depths:2 | Noticed Clogger's illusion
 68740 | Depths:3 | Found a one-way gate to the infinite horrors of the Abyss.
 69135 | Depths:3 | Noticed Margery
 69150 | Depths:3 | Killed Margery
 69286 | Depths:2 | Noticed Clogger's illusion
 69291 | Depths:2 | Killed Mara
 69486 | Depths:2 | Received a gift from Trog
 69513 | Depths:2 | Killed the Enchantress
 69516 | Depths:2 | Got a faerie dragon armour
 69517 | Depths:2 | Identified the +7 faerie dragon armour {Str+4} (You took it off the Enchantress on level 2 of the Depths)
 69529 | Depths:2 | Got a steaming silver ring
 69632 | Depths:2 | Noticed Asterion
 69646 | Depths:2 | Killed Asterion
 69733 | Depths:2 | Gained mutation: You are completely covered in iridescent scales (AC +8). [demonic ancestry]
 69733 | Depths:2 | Reached XP level 25. HP: 203/240 MP: 25/25
 69863 | Depths:4 | Found Aryvaz's Blood Bar.
 70299 | Depths:4 | Received a gift from Trog
 70405 | Depths:4 | Paralysed by a vampire knight for 3 turns
 71248 | Depths:4 | Received a gift from Trog
 71773 | Depths:4 | Got a slimy buckler
 71774 | Depths:4 | Identified the +2 buckler "Daerat" {rPois rC+ rN+ rCorr} (You acquired it on level 4 of the Depths)
 71859 | Depths:4 | Identified the ring "Vuitzo Xueth" {rPois Int+5} (You took it off a vampire knight on level 2 of the Depths)
 72733 | Vaults:5 | Entered Level 5 of the Vaults
 72745 | Vaults:5 | Received a gift from Trog
 72991 | Vaults:5 | Got a coiled brass amulet
 72993 | Vaults:5 | Identified the amulet "Osiubboc" {rMut +Fly rElec} (You acquired it on level 5 of the Vaults)
 73064 | Vaults:5 | Cast into the Abyss (a deep elf demonologist)
 73069 | Vaults:5 | Escaped the Abyss
 73476 | Vaults:5 | Got a silver rune of Zot
 73478 | Vaults:5 | Identified Hysiacot's Almanac of Bewitchment and Feathers
 73525 | Vaults:5 | Found Miff's General Store.
 73539 | Vaults:5 | Gained mutation: When low on magic, you restore magic in place of health. [demonic ancestry]
 73539 | Vaults:5 | Reached XP level 26. HP: 242/254 MP: 24/25
 73598 | Vaults:5 | Received a gift from Trog
 73607 | Vaults:5 | Got an iridescent battleaxe {god gift}
 73608 | Vaults:5 | Identified the +0 battleaxe of Valour {vamp, rF+ rC+ Str+3} (Trog gifted it to you on level 5 of the Vaults)
 74770 | Vaults:5 | Received a gift from Trog
 75121 | Vaults:5 | Identified the Almanac of the Escort
 75141 | Vaults:5 | Noticed an ancient lich
 75145 | Vaults:5 | Killed an ancient lich
 75297 | Vaults:5 | Hired Vamoca Boux the big kobold for 111 gold.
 75305 | Vaults:5 | Your ally Vamoca Boux died
 75310 | Vaults:5 | Drew Focus: Str increased to 19, Dex decreased to 14
 75312 | Vaults:5 | Drew Focus: Str increased to 20, Dex decreased to 13
 75387 | Vaults:5 | Found Hum Wuimo's Food Shop.
 75404 | Vaults:5 | Found Jyfaut's Magic Scroll Emporium.
 75412 | Vaults:5 | Found Maall's Distillery.
 75951 | Depths:2 | Voluntarily entered the Abyss.
 76539 | Abyss:1  | Found a corrupted altar of Lugonu.
 76943 | Abyss:1  | Received a gift from Trog
 76987 | Abyss:2  | Found a burning altar of Makhleb.
 76990 | Abyss:2  | Found a corrupted altar of Lugonu.
 77559 | Abyss:3  | Found a shattered altar of Ashenzari.
 77610 | Abyss:3  | Reached XP level 27. HP: 179/266 MP: 25/25
 77737 | Abyss:3  | Paralysed by accursed screaming for 1 turns
 77807 | Abyss:3  | Paralysed by accursed screaming for 1 turns
 77810 | Abyss:3  | Paralysed by accursed screaming for 1 turns
 78670 | Abyss:3  | Received a gift from Trog
 78826 | Abyss:3  | Got an abyssal rune of Zot
 79306 | Depths:2 | Escaped the Abyss
 79706 | Slime:1  | Entered Level 1 of the Pits of Slime
 79806 | Slime:1  | Lost mutation: You have very sharp teeth. [a shining eye]
 79854 | Slime:3  | Noticed Dissolution
 79860 | Slime:3  | Killed Dissolution
 80015 | Slime:3  | Received a gift from Trog
 80065 | Slime:6  | Entered Level 6 of the Pits of Slime
 80112 | Slime:6  | Noticed the royal jelly
 80121 | Slime:6  | Killed the royal jelly
 80137 | Slime:6  | HP: 9/269 [acid (8)]
 80137 | Slime:6  | HP: 2/269 [acid[the royal jelly] (4)]
 80137 | Slime:6  | Slain by an azure jelly

Vault maps used:
D:1:      minmay_arrival_three_doors, st_stairs_6
D:2:      lemuel_round_altar, grunt_qazlal_clouds
D:3:      vehumet_altar_wand_db, portal_sewer_entry_e, minmay_ogre_servants,
          uniq_iyjb, uniq_jessica
D:4:      minmay_misc_feat_room, amethyst_killhole
D:5:      first_bread, uniq_duvessa, uniq_blork_the_orc
D:6:      kennysheep_mini, dk_vineyard_1
D:7:      lemuel_doored_altar, gammafunk_temple_overflow_wave,
          lemuel_temple_firewalk_marked, grunt_ogre_cave, uniq_pikel
D:8:      hex_large, bloody_trog, uniq_maurice
D:9:      wad_lake_hut, dpeg_oklobed_lair, basic_loot_grate_trap
D:10:     lair_0_dummy, orc_0_dummy
D:11:     uniq_erolcha
D:12:     dragon1_lemuel, minmay_orc_entry_temple_small, kennysheep_path_1,
          uniq_josephine, uniq_rupert
D:13:     serial_shops, shop
D:14:     david_vaults_1, lab_entry_generic
D:15:     hangedman_depths_entry_civil_slaughter,
          nemelex_xobeh_ov_fountains_minmay, st_stairs_14
Lair:1:   wad_woods_pond, uniq_fannar
Lair:2:   minmay_lair_oklob_chamber, pond, grunt_megastairs_2
Lair:3:   shoals_dummy_entry, serial_bayou_shore_a
Lair:4:   infiniplex_staircase_pool_2
Lair:5:   dummy_snake_entry, grunt_megastairs_3
Lair:6:   serial_bayou_lake_a
Lair:7:   beast_lair_carwin_3
Lair:8:   grunt_lair_end_beastmaster, slime_altar_1, bh_autumn_forest_stairs
Shoals:1: serial_shops, shop
Shoals:3: serial_shops, nicolae_shop_stone
Shoals:4: shoals_end_hangedman, shoal_ilsuiw
Snake:1:  uniq_aizul
Snake:2:  uniq_louise, uniq_vashnia
Snake:4:  grunt_snake_rune_pools, nicolae_snake_double_loop
Slime:3:  dissolution_awaits
Slime:5:  cheibrodos_slime_lost_civilization_7
Orc:1:    bloody_makhleb
Orc:2:    nicolae_orc_accident_3
Orc:3:    serial_shops, shop, nicolae_orc_pool_cavern
Orc:4:    st_orc_elflike, basic_altar
Elf:1:    serial_shops, nicolae_shop_statue_plus, mu_enter_wizlab_4, orc_legates
Elf:3:    grunt_elf_hall_branching
Vaults:1: v_misc_13, v_misc_22, nicolae_vaults_circle_grid_a,
          nicolae_vaults_mini_display_case, st_cross, grunt_vaults_funnel,
          v_misc_30, vaults_room_door_hall, v_pattern_4,
          nicolae_vaults_sealed_display, v_misc_19, vaults_room_semicircle,
          vaults_room_semicircle, v_misc_13, serial_shops, shop, shop,
          nicolae_shop_waterfront, shop, uniq_nikola, uniq_wiglaf, uniq_norris
Vaults:2: minmay_crypt_entry_simple_corners, vaults_standard_mumra_lines,
          v_misc_11, hangedman_vaults_stitches, ontoclasm_vaults_bender,
          v_misc_5, vaults_mumra_hex, nicolae_vaults_little_squares_6,
          ontoclasm_vaults_shuriken, dpeg_vaults_monster_box,
          hangedman_vaults_impose, vaults_mumra_bighexcomb,
          ontoclasm_vaults_pinch, vaults_room_octagon, serial_shops,
          nicolae_shop_window_shopping, uniq_mennas
Vaults:3: v_misc_16, ontoclasm_vaults_spin, nicolae_vaults_quartermaster,
          v_misc_28, v_misc_30
Vaults:4: ontoclasm_vaults_claustrophobia, v_rooms_6, v_rooms_4,
          ontoclasm_vaults_ligature, grunt_vaults_hallway_long,
          vaults_room_guarded_vault, nicolae_vaults_little_squares_4,
          nicolae_vaults_little_squares_2, v_misc_31, v_misc_12, v_misc_10,
          vaults_dpeg_spiral, vaults_dpeg_hooks, basic_altar, serial_shops, shop
Vaults:5: serial_shops
Crypt:1:  basic_altar, grunt_crypt_arrival_webbed, uniq_khufu
Crypt:3:  quadcrypt_mu, uniq_jory
Depths:1: rand_demon_pan_entry_5, grunt_decor_mini_mirrors,
          hangedman_coc_ice_floe, minmay_misc_feat_more_columns,
          corexii_corridor_pit, kennysheep_generic_room_16, uniq_saint_roka
Depths:2: kennysheep_treasure_stockpile, serial_bayou_pond_b,
          hangedman_tar_grid_catacomb, minmay_room_of_horrors, tgw_lugonu_bribe,
          roderic_lattice_octagonal_star, uniq_enchantress, uniq_asterion,
          uniq_mara
Depths:3: hangedman_opposites_gauntlet, kennysheep_flooded_box,
          lightli_too_deep, pan_entry, abyss_entry_crystal,
          infiniplex_staircase_spiral, uniq_margery
Depths:4: hangedman_six_sided_sadism, minmay_misc_feat_tower,
          grunt_hell_entry_dis_mu, abyss_entry_small_statue_room,
          grunt_ministairs_3, guppyfry_shop_blood
Abyss:1:  minivault_28
Abyss:2:  evilmike_abyss_exit_smiterflies
Abyss:3:  hangedman_cross_veins
Abyss:4:  grunt_abyss_exit_deep_breaths
Lab:      labyrinth_hidden_loot, nicolae_lab_statue
Sewer:    sewer_kobolds
WizLab:   wizlab_doroklohe

Action                   |  1- 3 |  4- 6 |  7- 9 | 10-12 | 13-15 | 16-18 | 19-21 | 22-24 | 25-27 || total
-------------------------+-------+-------+-------+-------+-------+-------+-------+-------+-------++-------
Melee: Hand axe          |    92 |       |       |       |       |       |       |       |       ||    92
       War axe           |    13 |   163 |   258 |       |       |       |       |       |       ||   434
       Broad axe         |       |       |   138 |   749 |   549 |       |       |       |       ||  1436
       Battleaxe         |       |       |       |       |   855 |   874 |       |       |       ||  1729
       Executioner's axe |       |       |       |       |       |   362 |  1531 |  1600 |  1442 ||  4935
Invok: Berserk           |     1 |     1 |     5 |     9 |    11 |     7 |     6 |    10 |     1 ||    51
       Trog's Hand       |       |       |       |     2 |     6 |    11 |    12 |    17 |     8 ||    56
       Brothers in Arms  |       |       |       |       |     6 |     2 |     6 |     5 |     1 ||    20
Evoke: Wand              |       |       |     2 |     1 |     2 |    14 |     8 |    20 |     4 ||    51
       Deck              |       |       |       |       |     6 |       |       |       |     6 ||    12
  Use: Scroll            |       |     1 |     7 |     9 |    13 |    11 |    18 |    24 |    18 ||   101
       Potion            |       |       |    11 |     4 |    18 |    12 |     5 |    12 |    14 ||    76
 Stab: Petrifying        |       |       |       |       |     1 |       |       |       |       ||     1
       Distracted        |       |       |       |       |     1 |     1 |     1 |       |     1 ||     4
       Petrified         |       |       |       |       |       |       |       |       |     1 ||     1
  Eat: Chunk             |     2 |     4 |    16 |    10 |    24 |    16 |    12 |    11 |     2 ||    97
       Bread ration      |       |     1 |     1 |     7 |     5 |       |     3 |     7 |     5 ||    29
       Pizza             |       |       |       |     1 |       |       |       |       |       ||     1
       Fruit             |       |       |       |       |     1 |       |     2 |       |       ||     3
       Meat ration       |       |       |       |       |     1 |     9 |     5 |     3 |     2 ||    20
       Beef jerky        |       |       |       |       |     1 |       |       |       |       ||     1
